Zazza, lawful female dwarven Valkyrie ---------- |........| --- --...---)--- --.-- ---...| |...-- --------- ----...---|...--- ---..------- F......G... |........--.--- |....a@.......- ---.......|...| |...------ ...| ---.........|.--- --.-- | --- ---.............| --- |...|..............-- -- ------- ----..................| -...............................-- ----.------.-->|...........-- |...-----------..........-- |..............^...|.|...| --.<-------------------..| ---- ---- Zazza the Skirmisher Experience level: 4 Strength: 18/03 Dexterity: 13 Constitution: 18 Intelligence: 7 Wisdom: 8 Charisma: 9 Health: 0(48) Energy: 4(4) Def: 4 Gold: 584 Moves: 2575 Dungeon seed: urwgDT-Aoupoql0K Game ID: Zazza_1526825843 Your Inventory: Coins $ - 584 gold pieces Weapons a - a corroded +1 long sword (weapon in hand) b - a +0 dagger (in quiver) h - a +0 orcish dagger i - a +0 dagger J - a +0 scimitar O - a +0 dwarvish spear P - a +0 arrow Armor e - an uncursed +3 small shield (being worn) q - an uncursed +0 orcish helm Comestibles c - 2 uncursed food rations d - an uncursed slime mold g - 2 uncursed lichen corpses Scrolls m - an uncursed scroll of punishment o - an uncursed scroll of food detection p - a blessed scroll of identify H - an uncursed scroll of identify Spellbooks j - an uncursed spellbook of identify s - an uncursed spellbook of haste self Potions k - an uncursed potion of restore ability I - an uncursed potion of sleeping L - an uncursed potion of levitation Rings l - an uncursed ring of stealth Wands M - a wand of light (0:12) Tools N - an uncursed tin whistle Gems n - an uncursed worthless piece of green glass r - an uncursed worthless piece of yellowish brown glass Spells and supernatural/magical abilities: Name Level Category Fail Memory W - pray for help -- divine ? -- Your skills at the end: Fighting Skills Weapon Skills dagger [Basic] long sword [Basic] Spellcasting Skills Final Attributes: You were piously aligned. You were cold resistant. You had infravision. You were stealthy. You are dead. Vanquished creatures: 2 shriekers a monkey an iguana an acid blob a gas spore a hobbit 5 manes a hobgoblin 3 giant rats a brown mold a yellow mold a green mold 4 geckos 6 jackals 2 foxes a kobold 2 goblins 3 sewer rats 3 lichens 3 kobold zombies 8 newts 51 creatures vanquished. Voluntary challenges: You had been an atheist until turn 2570. You used a wielded weapon 53 times, starting on turn 37. You were illiterate. You never genocided any monsters. You never polymorphed an object. You never changed form. You used no wishes. You never split a pudding. You never wrote Elbereth's name. You never violated your personal moral code. Dungeon overview: The Dungeons of Doom: levels 1 to 4 Level 1 some fountains a long staircase Level 2 a scroll shop, a fountain Level 3 a general store, some fountains Level 4 some fountains, a sink stairs to The Gnomish Mines The Gnomish Mines: Level 5 <- You were here stairs to The Dungeons of Doom History has recorded: On T:1 you entered the Dungeons of Doom to retrieve the Amulet of Yendor! On T:549 you reached level 3 of The Dungeons of Doom. On T:575 you advanced to experience level 2. On T:829 you advanced to experience level 3. On T:1059 you reached level 2 of The Dungeons of Doom. On T:1888 you advanced to experience level 4. On T:2147 you reached level 4 of The Dungeons of Doom. On T:2496 you reached level 1 of The Gnomish Mines. Score breakdown: Gold: 584 ( 9412 points) Experience: 4 levels ( 9649 points) Exploration: 5 levels ( 10.42%) ( 8751 points) Discoveries: 2 items ( 0.81%) ( 2705 points) Valuables value: (no points given unless you survive) Artifact value: 0 ( 0 points) Variety of kills: 21 monsters ( 5.51%) ( 7043 points) Turncount: 2575 turns ( -374 points) Survival: died (score multiplied by 80%) Total score: 29748 Latest messages: The giant ant is hit by an arrow! The giant ant bites! You miss the giant ant. The giant ant bites! You miss the giant ant. The giant ant bites! (3x) You miss the giant ant. The giant ant misses. The giant ant bites! You miss the giant ant. The giant ant bites! (4x) You miss the giant ant. The giant ant bites! (4x) You miss the giant ant. The giant ant bites! (2x) You begin praying to Tyr. You are surrounded by a shimmering light. The giant ant starts to attack you, but pulls back. (4x) You feel that Tyr is well-pleased. You miss the giant ant. The giant ant bites! (2x) You miss the giant ant. The giant ant bites! (2x) You die... Final status: Farvel Zazza the Valkyrie, killed by a giant ant... You died in The Gnomish Mines on dungeon level 5 with 29748 points, and 584 pieces of gold, after 2575 moves. You were level 4 with a maximum of 48 hit points when you died.